 Seeded DCSS version 0.29-a0-25-g7f48f510a0 (webtiles) character file.

Game seed: 10000000000011 (custom seed)

2390 knot the Cleaver (level 9, -5/81 (94) HPs)
             Began as a Demonspawn Berserker on Jan 31, 2022.
             Was a Follower of Trog.
             Slain by Joseph (18 damage)
             ... on level 7 of the Dungeon.
             The game lasted 00:08:13 (9292 turns).

knot the Cleaver (Demonspawn Berserker)             Turns: 9292, Time: 00:08:14

HP:   -5/81 (94)    AC:  2    Str: 18    XL:     9   Next: 22%
MP:   0/9           EV: 12    Int: 13    God:    Trog [*.....]
Gold: 480           SH:  5    Dex: 12    Spells: 8/8 levels left

rFire   . . .      SeeInvis .   a - +0 hand axe
rCold   . . .      Faith    .   (no shield)
rNeg    . . .      Spirit   +   b - +0 animal skin
rPois   .          Reflect  +   (no helmet)
rElec   .          Harm     .   (no cloak)
rCorr   .          Rampage  .   (gloves unavailable)
Will    .....                   (no boots)
Stlth   ..........              d - amulet of reflection
HPRegen 0.23/turn               (no ring)
MPRegen 0.22/turn               (no ring)

@: berserking, heavily drained, very quick
A: powered by death 1, magic shield, magic regeneration, demonic touch 3
a: Renounce Religion, Berserk


You were on level 7 of the Dungeon.
You worshipped Trog.
Trog was aware of your devotion.
You visited 1 branch of the dungeon, and saw 7 of its levels.

You collected 480 gold pieces.

Inventory:

Hand Weapons
 a - a +0 hand axe (weapon)
Missiles
 f - 194 stones
 p - 8 boomerangs (quivered)
 q - 6 poisoned darts
 u - a curare-tipped dart
Armour
 b - a +0 animal skin (worn)
Jewellery
 d - an amulet of reflection (around neck)
Wands
 l - a wand of flame (22)
 o - a wand of polymorph (14)
 w - a wand of iceblast (8)
Scrolls
 c - a scroll of amnesia {unknown}
 h - 3 scrolls of identify {unknown}
 m - 2 scrolls of blinking {unknown}
 n - a scroll of fog {unknown}
 s - 2 scrolls of holy word {unknown}
 t - 2 scrolls of teleportation {unknown}
Potions
 e - 4 potions of curing {unknown}
 g - a potion of lignification {unknown}
 i - a potion of might {unknown}
 r - a potion of brilliance {unknown}
 v - 2 potions of resistance {unknown}


   Skills:
 - Level 3.0 Fighting
 + Level 11.7 Axes
 - Level 1.7 Armour
 - Level 1.7 Dodging


You had 8 spell levels left.
You didn't know any spells.
Your spell library contained the following spells:

 Spells                   Type           Power      Damage    Failure   Level
 Corpse Rot               Necr/Air       0%         N/A       43%         2
 Ensorcelled Hibernation  Hex/Ice        0%         N/A       43%         2
 Passwall                 Tmut/Erth      0%         N/A       43%         2
 Poisonous Vapours        Pois/Air       0%         N/A       43%         2
 Ozocubu's Armour         Ice            0%         N/A       67%         3
 Swiftness                Air            0%         N/A       67%         3
 Tukima's Dance           Hex            0%         N/A       67%         3
 Anguish                  Hex/Necr       0%         N/A       97%         4
 Metabolic Englaciation   Hex/Ice        0%         N/A       100%        5
 Simulacrum               Ice/Necr       0%         N/A       100%        6
 Enfeeble                 Hex            0%         N/A       100%        7


Dungeon Overview and Level Annotations

Branches:
Dungeon (7/15)             Temple (0/1) D:4

Altars:
Okawaru
Ru
Uskayaw

Shops:
D:3 [

Annotations:
D:7 Joseph


Innate Abilities, Weirdness & Mutations

You regenerate a little health from kills.
When hurt, damage is shared between your health and your magic reserves.
You regenerate magic rapidly.
Your touch may irresistibly damage your foes and sap their willpower.


Message History

The wight hits you with a +0 hand axe.
You feel drained.
You closely miss the wight. Your touch misses the wight.
You punch the wight, but do no damage.
The wight is severely damaged.
You block the wight's attack.
You barely miss the wight.
You touch the wight.
You destroy the wight!
Trog accepts your kill.
No target in view!
No target in view!
Things that are here:
a +0 hand axe; a +0 robe
Found a stone staircase leading up.
Joseph, a Mercenary comes into view.
He is wielding a +0 quarterstaff.
Joseph shouts!
Joseph unwields a +0 quarterstaff.
Joseph wields a +0 hunting sling.
Joseph shoots a sling bullet.
The sling bullet hits you!
There is a stone staircase leading up here.
Unknown command.
You start resting.
Joseph is nearby!
Joseph unwields a +0 hunting sling.
Joseph wields a +0 quarterstaff.
Joseph hits you with a +0 quarterstaff!
There is a stone staircase leading up here.
You fail to use your ability.
You hit Joseph but do no damage. Your touch misses Joseph.
Joseph hits you with a +0 quarterstaff!
A red film seems to cover your vision as you go berserk!
You feel yourself moving faster!
You feel mighty! Joseph hits you with a +0 quarterstaff!
You hit Joseph.
You touch Joseph.
You sap his willpower!
Joseph is lightly wounded.
Joseph hits you with a +0 quarterstaff!
* * * LOW HITPOINT WARNING * * *
You slash Joseph!
Joseph is moderately wounded.
You closely miss Joseph. Your touch misses Joseph.
Joseph is moderately wounded.
Joseph hits you with a +0 quarterstaff!!
You die...

#.......#
#))########
....)...# #..#
##......#####..#
##.##..........#
........######.#
...............#
#....#..########
#....#..#
########
........#
#....@.#
........#
#.####@# ####
........# #.# .#
#... ...)....#
#.# .# #..)
.....#### #.# .#
#).. #.# .. #.)#
#.# .# #..# #.#
## #.# #..# #.#
#.# #..#


You could see Joseph (weak-willed).

Vanquished Creatures
  A kobold demonologist (D:5)
  A black bear (D:5)
  A necrophage (D:6)
  An ice beast (D:6)
  4 ogres
  A boggart (D:5)
  A phantom (D:6)
  A kobold brigand (D:7)
  6 scorpions
  2 wyvern zombies (D:7)
  A wyvern skeleton (D:7)
  Dowan (D:4)
  5 wights (D:7)
  A centaur zombie (D:5)
  An orc priest (D:4)
  3 hounds
  A jelly (D:6)
  2 bullfrog skeletons
  3 centaur skeletons
  Ijyb (D:4)
  An orc wizard (D:6)
  A scorpion zombie (D:5)
  7 adders
  A shadow imp (D:7)
  A white imp (D:5)
  14 orcs
  6 endoplasms
  2 giant cockroaches
  5 goblins
  5 hobgoblins
  14 jackals
  A quokka (D:4)
  4 ball pythons
  7 bats
  5 frilled lizards
  7 kobolds
  5 rats
124 creatures vanquished.

Notes
Turn   | Place    | Note
-------+----------+-------------------------------------------
     0 | D:1      | knot the Demonspawn Berserker began the quest for the Orb.
     0 | D:1      | Reached XP level 1. HP: 18/18 MP: 1/1
    48 | D:1      | Reached skill level 3 in Axes
   178 | D:1      | Gained mutation: You regenerate magic rapidly. [demonic
                  | ancestry]
   178 | D:1      | Reached XP level 2. HP: 12/24 MP: 2/2
  1349 | D:2      | Reached skill level 4 in Axes
  1349 | D:2      | Gained mutation: Your touch may inflict minor irresistible
                  | damage on your foes. [demonic ancestry]
  1349 | D:2      | Reached XP level 3. HP: 29/29 MP: 3/3
  1928 | D:2      | Reached XP level 4. HP: 35/35 MP: 4/4
  2228 | D:3      | Noticed an ogre
  2240 | D:3      | Found Daocsar's Antique Armour Emporium.
  2244 | D:3      | Killed an ogre
  2245 | D:3      | Reached skill level 5 in Axes
  2245 | D:3      | Reached XP level 5. HP: 41/41 MP: 5/5
  3184 | D:4      | Noticed Duvessa
  3185 | D:4      | Noticed Dowan
  3185 | D:4      | Noticed Ijyb
  3557 | D:4      | Noticed Duvessa
  3557 | D:4      | Duvessa changed into Duvessa the scorpion
  3569 | D:4      | Killed Duvessa the scorpion
  3570 | D:4      | Reached skill level 6 in Axes
  3570 | D:4      | Gained mutation: Your touch may inflict irresistible damage
                  | on your foes. [demonic ancestry]
  3570 | D:4      | Reached XP level 6. HP: 47/47 MP: 6/6
  3576 | D:4      | Killed Dowan
  3929 | D:4      | Found a staircase to the Ecumenical Temple.
  4214 | D:4      | Killed Ijyb
  4215 | D:4      | Reached skill level 7 in Axes
  4487 | D:5      | Entered Level 5 of the Dungeon
  4496 | D:5      | Noticed a kobold demonologist
  4506 | D:5      | Killed a kobold demonologist
  4507 | D:5      | Gained mutation: When hurt, damage is shared between your
                  | health and your magic reserves. [demonic ancestry]
  4507 | D:5      | Reached XP level 7. HP: 52/52 MP: 7/7
  4769 | D:5      | Reached skill level 8 in Axes
  5585 | D:5      | Reached skill level 9 in Axes
  5585 | D:5      | Gained mutation: You regenerate a little health from kills.
                  | [demonic ancestry]
  5585 | D:5      | Reached XP level 8. HP: 48/58 MP: 6/8
  6040 | D:5      | Found a hide-covered altar of Uskayaw.
  6392 | D:6      | Reached skill level 10 in Axes
  7325 | D:6      | Found an iron altar of Okawaru.
  7850 | D:7      | Reached skill level 11 in Axes
  7853 | D:7      | Gained mutation: Your touch may irresistibly damage your
                  | foes and sap their willpower. [demonic ancestry]
  7853 | D:7      | Reached XP level 9. HP: 29/63 MP: 3/9
  8374 | D:7      | Found a sacrificial altar of Ru.
  9280 | D:7      | Noticed Joseph
  9292 | D:7      | Slain by Joseph

Illustrated notes

Levels and vault maps discovered:
D:1:      lordsloth_arrival_two_stooges, layout_basic, grunt_decor_fettered,
          minmay_misc_feat_diagonals, nicolae_concentric_dashed_squares_wild
D:2:      layout_rooms, hangedman_decor_clover_reticule
D:3:      layout_basic, serial_shops, shop, kennysheep_path_1
D:4:      layout_rooms, temple_doors_e, uniq_duvessa, uniq_ijyb
D:5:      layout_loops_cross, nicolae_uskayaw_suspiria, item_on_display_a
D:6:      layout_rooms, nicolae_overflow_hidden_temple, grunt_ministairs_6
D:7:      layout_loops_ring, nicolae_ru_awakened_eye, palyth_stone_intersect,
          minmay_misc_feat_alley, minivault_27, uniq_joseph

Skill      XL: |  1  2  3  4  5  6  7  8 |
---------------+-------------------------+-----
Axes           | 3 4 5 6 7 9 11 | 11.7
Fighting       | |  3.0
Armour         | |  1.7
Dodging        | |  1.7

Action                   |  1- 3 |  4- 6 |  7- 9 || total
-------------------------+-------+-------+-------++-------
Melee: Hand axe          |    93 |   108 |   176 ||   377
       Touch             |     4 |    14 |    30 ||    48
       Punch             |       |     1 |     5 ||     6
Throw: Dart              |       |     2 |     2 ||     4
       Boomerang         |       |       |    10 ||    10
Invok: Berserk           |     2 |     6 |    18 ||    26
Evoke: Wand              |       |     2 |     5 ||     7
  Use: Potion            |       |       |     2 ||     2
 Stab: Sleeping          |     1 |       |       ||     1
Armor: Animal skin       |    19 |    13 |    20 ||    52
Dodge: Dodged            |    71 |    75 |    71 ||   217
Block: Other             |    19 |    31 |    36 ||    86
       Reflection        |       |     1 |     6 ||     7

Table legend: (Time is in decaauts)
 A = Elapsed time spent in this place.
 B = Non-inter-level travel time spent in this place.
 C = Inter-level travel time spent in this place.
 D = Time resting spent in this place.
 E = Time spent auto-exploring this place.
 F = Levels seen in this place.
 G = Mean time per level.
                   A        B        C        D        E       F      G
               +--------+--------+--------+--------+--------+-----+--------+
         Total |   9534 |   9339 |    195 |   4208 |   4134 |   7 | 1362.0 |
       Dungeon |   9534 |   9339 |    195 |   4208 |   4134 |   7 | 1362.0 |
               +--------+--------+--------+--------+--------+-----+--------+

Top non-repeatable levels by time:
     D:6: 1735 daAuts
     D:5: 1691 daAuts
     D:7: 1527 daAuts
     D:1: 1365 daAuts
     D:3: 1278 daAuts
     D:4: 1136 daAuts
     D:2: 799 daAuts
